 Dungeon Crawl Stone Soup version 0.29.1-1-gd02db6906a (webtiles) character file.

Game seed: 14606321801065759644

39 experimilk the Stinger (level 3, 0/26 HPs)
             Began as a Draconian Venom Mage on Oct 9, 2022.
             Slain by Terence
             ... wielding a +0 vorpal falchion
              (6 damage)
             ... on level 2 of the Dungeon.
             The game lasted 00:05:41 (2272 turns).

experimilk the Stinger (Draconian Venom Mage)       Turns: 2272, Time: 00:05:42

Health: 0/26       AC:  5    Str: 10    XL:     3   Next: 28%
Magic:  4/6        EV: 12    Int: 17    God:
Gold:   28         SH:  0    Dex: 11    Spells: 3/6 levels left

rFire   . . .      SeeInvis .   d - +0 spear
rCold   . . .      Faith    .   (no shield)
rNeg    . . .      Spirit   .   (body armour unavailable)
rPois   .          Reflect  .   f - +0 hat
rElec   .          Harm     .   (no cloak)
rCorr   .          Rampage  .   (no gloves)
Will    .....                   (no boots)
Stlth   ++........              (no amulet)
HPRegen 0.08/turn               (no ring)
MPRegen 0.10/turn               (no ring)

@: no status effects
A: AC +5, unfitting armour, cold-blooded
a: no special abilities


You were on level 2 of the Dungeon.
You visited 1 branch of the dungeon, and saw 2 of its levels.

You collected 28 gold pieces.

Inventory:

Hand Weapons
 d - a +0 spear (weapon)
Armour
 f - a +0 hat (worn)
Magical Staves
 h - a staff of death
Scrolls
 c - 2 scrolls of poison
 e - a scroll of summoning
 i - a scroll of immolation {unknown}


   Skills:
 - Level 1.7 Dodging
 - Level 1.7 Stealth
 - Level 2.0 Spellcasting
 - Level 1.0 Transmutations
 * Level 4.4 Poison Magic


You had 3 spell levels left.
You knew the following spells:

 Your Spells              Type           Power      Damage    Failure   Level
a - Sting                 Tmut/Pois      40%        1d5       6%          1
z - Poisonous Vapours     Pois/Air       18%        N/A       12%         2

Your spell library contained the following spells:

 Spells                   Type           Power      Damage    Failure   Level
 Mephitic Cloud           Conj/Pois/Air  6%         N/A       32%         3
 Dazzling Flash           Conj/Hex       2%         N/A       50%         3
 Olgreb's Toxic Radiance  Pois           16%        N/A       30%         4
 Agony                    Necr           1%         N/A       99%         5
 Silence                  Hex/Air        0%         N/A       99%         5


Dungeon Overview and Level Annotations

Branches:
Dungeon (2/15)

Altars:

Annotations:
D:2 Terence


Innate Abilities, Weirdness & Mutations

Your plain brown scales are hard. (AC +5)
You cannot fit into any form of body armour.
You are cold-blooded and may be slowed by cold attacks.


Message History

Press: ? - help, Q - select action, (/) - cycle Shift-Dir - straight line, f/p - Terence
Aim: Terence, wielding a +0 vorpal falchion and wearing a +0 chain mail (very poisoned, 79% to hit)
The sting hits Terence but does no damage.
Terence looks even sicker.
Terence closely misses you.
Aiming: Sting (safe; 6% risk of failure)
Press: ? - help, Q - select action, (/) - cycle Shift-Dir - straight line, f/p - Terence
Aim: Terence, wielding a +0 vorpal falchion and wearing a +0 chain mail (very poisoned, 79% to hit)
The sting hits Terence but does no damage.
Terence looks as sick as possible!
Terence barely misses you. Magic courses through your body.
Terence barely misses you.
Aiming: Sting (safe; 6% risk of failure)
Press: ? - help, Q - select action, (/) - cycle Shift-Dir - straight line, f/p - Terence
Aim: Terence, wielding a +0 vorpal falchion and wearing a +0 chain mail (lightly wounded, extremely poisoned, 79% to hit)
The sting hits Terence but does no damage.
Terence looks as sick as possible!
Terence is lightly wounded.
Terence misses you.
Aiming: Sting (safe; 6% risk of failure)
Press: ? - help, Q - select action, (/) - cycle Shift-Dir - straight line, f/p - Terence
Aim: Terence, wielding a +0 vorpal falchion and wearing a +0 chain mail (moderately wounded, extremely poisoned, 79% to hit)
The sting hits Terence but does no damage.
Terence looks as sick as possible!
Terence is moderately wounded.
Terence hits you with a +0 vorpal falchion.
Aiming: Sting (safe; 6% risk of failure)
Press: ? - help, Q - select action, (/) - cycle Shift-Dir - straight line, f/p - Terence
Aim: Terence, wielding a +0 vorpal falchion and wearing a +0 chain mail (moderately wounded, extremely poisoned, 79% to hit)
The sting hits Terence but does no damage.
Terence looks as sick as possible!
Terence is moderately wounded.
Terence hits you with a +0 vorpal falchion.
* * * LOW HITPOINT WARNING * * *
You feel better.
Terence hits you with a +0 vorpal falchion!
* * * LOW HITPOINT WARNING * * *
x2 Terence attacks as you move away!
Terence hits you with a +0 vorpal falchion.
You die...

##### #### ##...# #...
##.....
####...###############......
..........†.................
##....[##############......
#........# ##.....
.......###.### #......
.###... #.@.# #...... ####
###@# #...... #K# ##.....
#######)# #...<# #.......#
#..###. #.......# #.#....
#.K...<....# ....(###
#......##..# ...# .......
..# ##


You could see Terence (extremely poisoned) and a kobold.

Vanquished Creatures
  2 dart slugs (D:1)
  3 ball pythons (D:1)
  3 endoplasms
  4 giant cockroaches
  4 hobgoblins
  3 jackals (D:1)
  3 kobolds
  A quokka (D:1)
  3 bats (D:1)
  2 frilled lizards (D:1)
  5 rats (D:1)
33 creatures vanquished.

Notes
Turn   | Place    | Note
-------+----------+-------------------------------------------
     0 | D:1      | experimilk the Draconian Venom Mage began the quest for the
                  | Orb.
     0 | D:1      | Reached XP level 1. HP: 14/14 MP: 3/3
    88 | D:1      | Found a faded altar of an unknown god.
   232 | D:1      | Reached XP level 2. HP: 20/20 MP: 1/5
   278 | D:1      | Learned a level 2 spell: Poisonous Vapours
   585 | D:1      | Reached skill level 4 in Poison Magic
  1150 | D:1      | Reached XP level 3. HP: 26/26 MP: 3/6
  2253 | D:2      | Noticed Terence
  2272 | D:2      | Slain by Terence

Illustrated notes

Levels and vault maps discovered:
D:1:      dpeg_arrival_lava_altar, layout_rooms, basic_ecumenical_altar
D:2:      layout_rooms, uniq_natasha, uniq_jessica, uniq_terence

Skill      XL: |  1  2 |
---------------+-------+-----
Poison Magic   | 4 |  4.4
Dodging        | |  1.7
Stealth        | |  1.7
Spellcasting   | |  2.0
Transmutations | |  1.0

Action                   || total
-------------------------++-------
Melee: Spear             ||    49
       Tailslap          ||     4
       Punch             ||     2
 Cast: Sting             ||    43
       Poisonous Vapours ||     9
  Use: Scroll            ||     3
       Potion            ||     2
 Stab: Sleeping          ||     1
Armor: Skin              ||    17
Dodge: Dodged            ||    43
